Map: Frozen Temple

Players

Miszu - Winner!

  • Race: Terran Terran
  • League: Master

KinGRgn

  • Race: Protoss Protoss
  • League: Master

VOD

Have the link to the VOD?

Description

Time

  • Played on: April 20, 2016, 4:54 p.m.
  • Length: 10:36
Show
View Real Time Build Order
Export as new Build Order

Miszu Terran - Winner!

Build Orders: MMM Bio 

Get SALT Encoding   

  12  0:00  SCV  
  13  0:13  SCV  
  14  0:17  Supply Depot  
  14  0:25  SCV  
  15  0:39  SCV  
  15  0:41  Barracks  
  16  0:51  SCV  
  17  1:03  SCV  
  18  1:15  SCV  
  19  1:23  Command Center  
  19  1:28  Orbital Command  
  19  1:30  Marine  
  20  1:47  Supply Depot  
  20  1:48  Marine  
  20  1:53  SCV  
  22  1:56  Barracks  
  22  2:05  SCV  
  23  2:09  Marine  
  23  2:11  Barracks  
  24  2:17  SCV  
  25  2:27  Marine  
  26  2:30  Refinery x2, SCV  
  26  2:36  Orbital Command  
  27  2:44  Marine x2, SCV  
  30  2:57  SCV, Orbital Command  
  31  3:00  Barracks Tech Lab  
  31  3:02  Marine  
  32  3:06  Supply Depot  
  32  3:07  Marine  
  32  3:09  SCV  
  34  3:19  Marine  
  34  3:21  Marine, SCV, Stimpack  
  34  3:23  SCV  
  34  3:24  Marine  
  39  3:33  SCV  
  40  3:35  SCV  
  40  3:37  Marine  
  40  3:39  Marine  
  43  3:41  Factory  
  43  3:43  Marine  
  43  3:44  Refinery  
  43  3:45  SCV  
  43  3:47  SCV  
  46  3:53  Supply Depot  
  46  3:55  Marine  
  46  3:57  SCV  
  46  4:00  SCV  
  49  4:06  Marine x2  
  49  4:09  SCV  
  52  4:12  Engineering Bay, SCV  
  52  4:15  Marine  
  54  4:21  SCV  
  54  4:24  Marine x2, SCV  
  56  4:28  Starport  
  56  4:30  Factory Reactor  
  58  4:33  Marine, SCV  
  58  4:36  SCV  
  61  4:38  Terran Infantry Weapons Level 1  
  61  4:42  Missile Turret  
  61  4:45  SCV  
  61  4:47  Missile Turret  
  62  4:53  Supply Depot  
  62  4:54  Barracks Reactor  
  62  5:00  Barracks Tech Lab  
  62  5:01  Barracks x2  
  62  5:14  SCV x2  
  62  5:15  Medivac x2  
  62  5:16  Marauder  
  62  5:18  Supply Depot  
  70  5:23  Refinery  
  70  5:32  Factory Reactor  
  70  5:36  Supply Depot  
  70  5:40  Supply Depot, Marauder, SCV x2  
  70  5:41  Marine x2, Marauder  
  70  5:42  Combat Shields  
  78  5:43  Concussive Shells  
  78  5:49  Barracks Reactor, Barracks Tech Lab  
  78  5:57  Medivac, SCV x2  
  78  5:59  Supply Depot  
  78  6:00  Marine  
  78  6:01  Marine, Marauder  
  78  6:04  Supply Depot  
  86  6:07  Marauder, Widow Mine  
  86  6:08  Widow Mine  
  92  6:17  Marauder  
  90  6:30  Marine, Marauder  
  90  6:33  Marine, Marauder  
  90  6:36  Widow Mine  
  90  6:37  Command Center  
  90  6:39  Marauder  
  97  6:46  Marine  
  98  6:50  Widow Mine  
  98  6:52  Marauder  
  104  7:05  Widow Mine  
  104  7:06  Medivac x2  
  110  7:09  Marine  
  110  7:10  Marine x3  
  110  7:11  Supply Depot  
  110  7:12  Supply Depot  
  110  7:14  Terran Infantry Armor Level 1  
  110  7:15  Marine x2, SCV  
  112  7:16  SCV  
  114  7:23  Marauder  
  114  7:27  Marine x2  
  118  7:33  Marauder  
  118  7:36  Medivac x2  
  118  7:45  Marauder  
  118  7:46  Marine  
  118  7:47  Marauder  
  118  7:48  Marine  
  124  7:55  Marauder  
  124  7:57  Marine, Widow Mine  
  131  8:00  SCV x2, Orbital Command  
  133  8:07  Marauder  
  133  8:12  SCV x2  
  137  8:13  Marine  
  137  8:14  Marauder  
  137  8:19  Marauder  
  142  8:24  Marine, SCV  
  142  8:25  SCV  
  142  8:26  Medivac  
  145  8:27  Medivac  
  145  8:28  Marauder  
  145  8:33  Supply Depot  
  149  8:35  Marauder  
  149  8:36  SCV  
  149  8:40  Marauder  
  154  8:43  Marine  
  154  8:48  Marine  
  155  8:49  Marine  
  155  8:54  Marauder, Widow Mine x2  
  163  8:56  Marauder  
  163  8:58  Engineering Bay  
  165  9:03  Marauder  
  165  9:04  Medivac  
  152  9:16  Marauder  
  154  9:17  Marine  
  154  9:18  Marauder  
  154  9:21  Marine  
  154  9:22  Marine  
  154  9:23  SCV  
  154  9:24  Marine, Widow Mine x2  
  156  9:25  Marauder  
  156  9:26  Medivac  
  160  9:34  SCV  
  160  9:35  SCV  
  160  9:37  Marauder  
  154  9:39  Marauder  
  154  9:42  Marine  
  155  9:46  Marauder, SCV  
  155  9:47  SCV  
  155  9:52  Marine, Medivac, Widow Mine x2  
  159  9:59  Marauder  
  164  10:03  Marine  
Show
View Real Time Build Order
Export as new Build Order

KinGRgn Protoss 

Build Orders: 1 Gate Expand, Blink Stalkers 

Get SALT Encoding   

  12  0:01  Probe (Chrono Boost)  
  13  0:11  Probe (Chrono Boost)  
  14  0:17  Pylon  
  14  0:22  Probe (Chrono Boost)  
  15  0:36  Probe (Chrono Boost)  
  15  0:37  Gateway  
  16  0:43  Assimilator  
  16  0:47  Probe (Chrono Boost)  
  17  0:57  Probe (Chrono Boost)  
  18  1:08  Probe (Chrono Boost)  
  19  1:18  Probe (Chrono Boost)  
  19  1:22  Nexus  
  20  1:33  Cybernetics Core  
  20  1:36  Probe (Chrono Boost)  
  21  1:41  Assimilator  
  21  1:49  Pylon  
  21  1:50  Probe (Chrono Boost)  
  22  2:01  Probe (Chrono Boost)  
  23  2:12  Adept, Mothership Core (Chrono Boost)  
  23  2:14  Warp Gate  
  27  2:30  Probe (Chrono Boost)  
  27  2:37  Probe (Chrono Boost)  
  29  2:39  Stalker  
  29  2:43  Probe (Chrono Boost)  
  32  2:47  Probe (Chrono Boost)  
  33  2:54  Probe (Chrono Boost)  
  33  2:55  Twilight Council  
  33  2:58  Probe (Chrono Boost)  
  35  3:05  Pylon, Probe (Chrono Boost)  
  36  3:08  Probe (Chrono Boost)  
  36  3:09  Stalker  
  39  3:20  Probe (Chrono Boost)  
  39  3:24  Gateway  
  39  3:26  Gateway  
  41  3:27  Probe (Chrono Boost)  
  41  3:31  Probe (Chrono Boost)  
  42  3:34  Blink  
  42  3:38  Probe (Chrono Boost)  
  43  3:45  Pylon, Probe (Chrono Boost)  
  43  3:48  Stalker  
  46  3:51  Probe (Chrono Boost)  
  47  3:56  Probe (Chrono Boost)  
  47  4:02  Robotics Facility  
  48  4:06  Probe x2 (Chrono Boost)  
  50  4:16  Probe (Chrono Boost)  
  52  4:17  Probe (Chrono Boost)  
  52  4:18  Pylon  
  52  4:25  Sentry x2  
  52  4:27  Probe x2 (Chrono Boost)  
  58  4:32  Stalker  
  58  4:37  Probe (Chrono Boost)  
  58  4:38  Probe (Chrono Boost)  
  62  4:41  Nexus  
  62  4:44  Pylon  
  62  4:49  Probe (Chrono Boost)  
  62  4:50  Observer  
  62  4:51  Probe (Chrono Boost)  
  65  4:54  Assimilator  
  65  4:56  Assimilator  
  65  4:57  Pylon  
  65  4:59  Probe (Chrono Boost)  
  66  5:02  Probe (Chrono Boost)  
  67  5:10  Probe (Chrono Boost)  
  67  5:11  Observer  
  67  5:12  Probe (Chrono Boost)  
  70  5:17  Stalker  
  70  5:20  Probe (Chrono Boost)  
  73  5:23  Probe (Chrono Boost)  
  73  5:25  Pylon  
  74  5:28  Gateway x2  
  74  5:31  Pylon, Probe (Chrono Boost)  
  74  5:33  Probe (Chrono Boost)  
  74  5:35  Forge  
  76  5:37  Forge  
  76  5:40  Stalker  
  76  5:42  Probe (Chrono Boost)  
  79  5:48  Immortal  
  83  5:50  Probe (Chrono Boost)  
  83  5:51  Resonating Glaives  
  83  5:56  Probe (Chrono Boost)  
  85  6:00  Probe (Chrono Boost)  
  86  6:07  Probe (Chrono Boost)  
  86  6:08  Stalker  
  86  6:09  Stalker x2  
  93  6:17  Probe (Chrono Boost)  
  94  6:28  Immortal  
  98  6:33  Protoss Ground Weapons Level 1 (Chrono Boost), Protoss Ground Armor Level 1 (Chrono Boost)  
  98  6:36  Pylon  
  98  6:37  Stalker  
  100  6:40  Zealot x2  
  101  6:49  Probe x2 (Chrono Boost)  
  101  6:51  Assimilator  
  101  6:53  Assimilator  
  103  6:55  Pylon  
  103  7:03  Pylon  
  103  7:06  Probe (Chrono Boost)  
  104  7:11  Immortal, Pylon  
  107  7:18  Adept x3  
  107  7:22  Probe  
  114  7:26  Stalker x2  
  118  7:35  Pylon  
  114  7:48  Adept  
  114  7:49  Adept x2, Warp Prism  
  119  7:59  Stalker x2  
  123  8:12  Adept  
  125  8:13  Pylon  
  125  8:15  Pylon  
  125  8:17  Gateway  
  125  8:18  Gateway, Pylon  
  125  8:21  Gateway  
  125  8:29  Probe, Protoss Ground Armor Level 2 (Chrono Boost), Protoss Ground Weapons Level 2 (Chrono Boost)  
  125  8:31  Pylon, Probe x2  
  128  8:39  Pylon x2  
  128  8:40  Probe  
  128  8:41  Immortal  
  130  8:43  Probe x2  
  130  8:47  Charge  
  133  8:49  Templar Archives  
  133  8:50  Probe, Photon Cannon  
  133  8:55  Probe x2  
  132  9:09  Adept x5  
  132  9:14  Pylon  
  128  9:27  Adept  
  128  9:28  Adept  
  128  9:29  Adept x5  
  137  9:33  Probe  
  124  9:58  Adept x7  
Tags
 
Add a new tag
Caveats
  • Supply blocks, unpowered buildings, or Contaminate may cause inaccurate times.
  • Supply counts are checked every 10 seconds.